 Dungeon Crawl Stone Soup version 0.30-a0-364-gf6b3ef1049 (webtiles) character file.

Game seed: 6142164282671385882

17 oldriver the Grave Robber (level 2, -4/19 HPs)
             Began as a Mummy Necromancer on Nov 15, 2022.
             Slain by a worm (11 damage)
             ... on level 2 of the Dungeon.
             The game lasted 00:01:05 (1060 turns).

oldriver the Grave Robber (Mummy Necromancer)       Turns: 1060, Time: 00:01:06

Health: -4/19      AC:  2    Str: 11    XL:     2   Next: 44%
Magic:  1/6        EV: 12    Int: 14    God:
Gold:   85         SH:  0    Dex: 12    Spells: 6/7 levels left

rFire   x . .      SeeInvis .    (no weapon)
rCold   + . .      Faith    +    (no shield)
rNeg    + + +      Spirit   .    a - +0 robe
rPois   ∞          Reflect  .    (no helmet)
rElec   .          Harm     .    (no cloak)
rCorr   .          Rampage  .    (no gloves)
Will    .....                    (no boots)
Stlth   ++........               (no amulet)
HPRegen 0.23/turn                (no ring)
MPRegen 0.10/turn                (no ring)

@: no status effects
A: cold resistance 1, negative energy resistance 3, torment resistance 2, heat
vulnerability 1, no potions, faith
a: no special abilities


You were on level 2 of the Dungeon.
You visited 1 branch of the dungeon, and saw 2 of its levels.

You collected 85 gold pieces.

Inventory:

Armour
 a - a +0 robe (worn)
Scrolls
 b - 2 scrolls of identify {unknown}
 c - a scroll of teleportation {unknown}


   Skills:
 + Level 0.0 Fighting
 + Level 1.8 Dodging
 + Level 1.9 Stealth
 + Level 3.0 Spellcasting
 + Level 4.2 Necromancy


You had 6 spell levels left.
You knew the following spells:

 Your Spells              Type           Power      Damage    Failure   Level
a - Necrotise             Necr           52%        1d6       3%          1

Your spell library contained the following spells:

 Spells                   Type           Power      Damage    Failure   Level
 Vampiric Draining        Necr           13%        2d6       12%         3
 Animate Dead             Necr           13%        N/A       36%         4
 Agony                    Necr           13%        N/A       71%         5


Dungeon Overview and Level Annotations

Branches:
Dungeon (2/15)

Altars:
Trog


Innate Abilities, Weirdness & Mutations

You are immune to poison.
Your flesh is cold resistant. (rC+)
You are immune to negative energy. (rN+++)
You are immune to unholy pain and torment.
You are vulnerable to heat. (rF-)
You do not drink.
You have a special connection with the divine. (Faith)


Message History

The worm is moderately wounded.
The worm misses you.
You hit the worm. You punch the worm.
The worm is heavily wounded.
You hit the worm but do no damage.
The worm is heavily wounded.
The worm bites you.
You hit the worm.
The worm is heavily wounded.
The worm misses you.
You hit the worm.
The worm is heavily wounded.
Your magical contamination has completely faded away.
You hit the worm but do no damage.
The worm is heavily wounded.
The worm barely misses you.
You hit the worm.
The worm is heavily wounded.
You barely miss the worm.
The worm is heavily wounded.
The worm closely misses you.
You barely miss the worm.
The worm is heavily wounded.
The worm misses you.
You hit the worm but do no damage.
The worm is heavily wounded.
You hit the worm.
The worm is heavily wounded.
The worm closely misses you.
You hit the worm but do no damage.
The worm is heavily wounded.
You hit the worm.
The worm is severely wounded.
The worm bites you!
Ouch! That really hurt!
You hit the worm but do no damage.
The worm is heavily wounded.
The worm bites you!
Ouch! That really hurt!
You die...

........###..# #.#
.............# ### #.#
.................. #.#
..#####.##...###.# #.#
...####.##...# #.# #.#
...##...##...###.#####.#
.......................#
.........#...###.#####.#
......_..#...# #@# #.#
.........#...# #w# #.#
.........#...# #.# #.#
...........^.###.# #.#
..........w......# #.#
......#.###.####.# #.#
........# #... ..#
.#..#.#.# ######.#
.#..#.#.# #.#


You could see a worm.

Vanquished Creatures
  3 endoplasms
  2 goblins (D:1)
  A hobgoblin (D:1)
  3 ball pythons (D:1)
  3 bats (D:1)
  4 frilled lizards (D:1)
  2 kobolds (D:1)
18 creatures vanquished.

Notes
Turn   | Place    | Note
-------+----------+-------------------------------------------
     0 | D:1      | oldriver the Mummy Necromancer began the quest for the Orb.
     0 | D:1      | Reached XP level 1. HP: 13/13 MP: 4/4
   332 | D:1      | Reached XP level 2. HP: 19/19 MP: 2/5
   976 | D:2      | Found a bloodstained altar of Trog.
  1060 | D:2      | Slain by a worm

Illustrated notes

Levels and vault maps discovered:
D:1:      wander_arrival_lonely_grave, layout_loops_ring
D:2:      layout_basic, basic_altar

Skill      XL: |  1  2 |
---------------+-------+-----
Spellcasting   | 3 |  3.0
Dodging        | |  1.8
Stealth        | |  1.9
Necromancy     | |  4.2

Action                   || total
-------------------------++-------
Melee: Unarmed           ||    22
       Punch             ||     1
 Cast: Necrotise         ||    41
Armor: Robe              ||     3
Dodge: Dodged            ||    17

Table legend: (Time is in decaauts)
 A = Elapsed time spent in this place.
 B = Non-inter-level travel time spent in this place.
 C = Inter-level travel time spent in this place.
 D = Time resting spent in this place.
 E = Time spent auto-exploring this place.
 F = Levels seen in this place.
 G = Mean time per level.
                   A        B        C        D        E       F      G
               +--------+--------+--------+--------+--------+-----+--------+
         Total |   1059 |   1032 |     27 |      8 |    859 |   2 |  529.5 |
       Dungeon |   1059 |   1032 |     27 |      8 |    859 |   2 |  529.5 |
               +--------+--------+--------+--------+--------+-----+--------+

Top non-repeatable levels by time:
     D:1: 915 daAuts
     D:2: 144 daAuts
